AoeStats
← Spencer

Lombardia

509922315Analyzed
2v2 RM · 5d ago on Sep 28, 2026· 29m 38s· 4 players
Game mode
Random Map
Map size
Medium (4 player)
Population
200
Speed
Normal
Resources
Standard
Victory
Conquest
Starting age
Dark Age
Ending age
Imperial Age
RankedLock teamsTeams togetherTeam positionsShared explorationLock speedFull tech treeHidden civsTurbo modeCheats
Victory
Defeat
🇩🇪 Huns · Germany
1244
+16
🇩🇪 Magyars · Germany
1243
+17
🇩🇪 Lithuanians · Germany
1264
-17
🇪🇸 Persians · Spain
1247
-16
Spencer
8:27 Loom
10:57 Feudal Age
14:43 Castle Age
12:51 Double-Bit Axe
13:09 Horse Collar
15:58 Bow Saw
19:57 Gold Mining
20:24 Scale Barding Armor
21:17 Bloodlines
22:23 Husbandry
24:25 Chain Barding Armor
Hill
8:53 Loom
11:23 Feudal Age
15:13 Castle Age
13:31 Double-Bit Axe
13:41 Gold Mining
13:38 Horse Collar
14:43 Gold Mining
14:53 Fletching
16:02 Padded Archer Armor
19:02 Bow Saw
20:46 Bodkin Arrow
22:00 Bloodlines
22:32 Ballistics
23:13 Husbandry
25:42 Crossbowman
27:05 Leather Archer Armor
29:28 Thumb Ring
deju30
4:47 Loom
10:55 Feudal Age
11:15 Double-Bit Axe
16:03 Castle Age
17:08 Wheelbarrow
18:21 Bow Saw
20:00 Horse Collar
21:30 Heavy Plow
21:38 Town Watch
23:04 Hand Cart
24:24 Scale Barding Armor
24:30 Forging
24:31 Gold Mining
25:15 Husbandry
27:22 Iron Casting
28:55 Chain Barding Armor
Matzenudler
7:06 Loom
7:17 Loom
10:12 Feudal Age
12:00 Horse Collar
17:09 Castle Age
16:16 Double-Bit Axe
18:08 Bow Saw
18:10 Gold Mining
18:55 Bloodlines
18:45 Husbandry
20:08 Scale Barding Armor
22:19 Fervor
22:21 Stone Mining
24:03 Wheelbarrow
25:40 Hand Cart
25:30 Town Watch
27:15 Fletching
Connection lost

Rejoining the realm…

Still unreachable

The connection could not be restored.

Session expired

The server has moved on; the page needs a fresh start.